 Dungeon Crawl Stone Soup version 0.17-a0-1691-g18a3847 (webtiles) character file.

380 urechis the Chiller (level 6, -2/41 HPs)
             Began as a Merfolk Ice Elementalist on Aug 20, 2015.
             Was an Initiate of Yredelemnul.
             Slain by a troll (8 damage)
             ... on level 4 of the Dungeon.
             The game lasted 00:09:26 (3868 turns).

urechis the Chiller (Merfolk Ice Elementalist)      Turns: 3868, Time: 00:09:27

Health: -2/41      AC: 11    Str: 10    XL:     6   Next: 75%
Magic:  7/13       EV: 13    Int: 14    God:    Yredelemnul [......]
Gold:   260        SH:  0    Dex: 18    Spells: 3 memorised, 6 levels left

rFire  . . .     SeeInvis .     a - +0 spear
rCold  . . .     Clarity  .     h - +0 robe
rNeg   . . .     SustAt   .     (no shield)
rPois  .         Gourm    .     w - +0 helmet
rElec  .         Spirit   .     (no cloak)
rCorr  .         Warding  .     (no gloves)
rMut   .         Stasis   .     m - +0 pair of boots
MR     .....                    (no amulet)
Stlth  ++........               x - +2 ring of protection (curse)
                                f - +3 ring of dexterity

@: icy armour, not resistant to hostile enchantments, unstealthy
A: change form in water, swift swim
a: Renounce Religion


You were on level 4 of the Dungeon.
You worshipped Yredelemnul.
Yredelemnul was noncommittal.
You were hungry.

You visited 1 branch of the dungeon, and saw 4 of its levels.

You collected 260 gold pieces.

Inventory:

Hand weapons
 a - a +0 spear (weapon)
Armour
 h - a +0 robe (worn)
 m - a +0 pair of boots (worn)
 w - a +0 helmet (worn)
Jewellery
 f - a +3 ring of dexterity (left hand)
 x - a cursed +2 ring of protection (right hand)
Scrolls
 e - 4 scrolls of identify {unknown}
 j - a scroll of fog {unknown}
 o - 2 scrolls of enchant armour {unknown}
 p - a scroll of teleportation {unknown}
 q - a scroll of blinking {unknown}
 s - a scroll of noise {unknown}
 v - a scroll of remove curse {unknown}
Potions
 g - 3 potions of curing {unknown}
 i - 3 potions of agility {unknown}
 l - a potion of flight {unknown}
 u - a potion of brilliance {unknown}
Books
 b - a book of Frost

   Spells                             Type                      Level
   a - Freeze                         Ice                          1
   b - Throw Frost                    Conjuration/Ice              2
   c - Ozocubu's Armour               Charms/Ice                   3
   d - Throw Icicle                   Conjuration/Ice              4
   e - Summon Ice Beast               Ice/Summoning                4
   f - Condensation Shield            Ice                          4
Comestibles
 c - 3 bread rations
 d - a beef jerky
 k - 3 meat rations
 n - a slice of pizza
 r - 2 fruits
 t - 2 royal jellies


   Skills:
 - Level 2.6 Dodging
 - Level 2.1 Stealth
 + Level 4.7 Spellcasting
   Level 0.7 Conjurations
 + Level 6.1 Ice Magic


You had 6 spell levels left.
You knew the following spells:

 Your Spells              Type           Power        Failure   Level  Hunger
a - Freeze                Ice            ###.         1%          1    None
b - Ozocubu's Armour      Chrm/Ice       ##......     17%         3    ###....
c - Condensation Shield   Ice            ###.......   17%         4    ####...


Dungeon Overview and Level Annotations

Branches:
Dungeon (4/15)
 Temple: D:4-7

Altars:
Cheibriados
Dithmenos
Gozag
Makhleb
Okawaru
Qazlal
Ru
Yredelemnul

Shops:
D:4 (

Annotations:
D:3 karlkraus's ghost, average MiFi


Message History

You freeze the troll.
The troll is moderately wounded.
The troll bites you!
* * * LOW HITPOINT WARNING * * *
The troll claws you.
* * * LOW HITPOINT WARNING * * *
The troll closely misses you.
A hound skeleton comes into view.
Casting: Freeze
Confirm with . or Enter, or press ? or * to list all spells.
Aiming: Freeze
Press: ? - help, Shift-Dir - straight line, f/p - troll
Aim: a troll You freeze the troll.
The troll is lightly wounded.
The troll completely misses you. The troll claws you!
* * * LOW HITPOINT WARNING * * *
The troll claws you!
You die...
Your body rises from the dead as a mindless zombie.

#.......# #.....
######'######### #.....
#......#.......# #.....
#......#.<.....#######....>
#.....Z#.......#........###
#......'.>.....#...........
####'###......['...........
#......#.......#....T......
#......#..@....##'####+##..
#....<.#..T...##..####.##..
#......#......#...'........
#......'......+...#........
#......#......#...#........
##+######......#...####+####
#..............###'####.###.
#..............#.....#....#.
#..............#.....'....'.


You could see a troll and a hound skeleton.

Vanquished Creatures
  An ogre (D:4)
  A scorpion (D:4)
  Ijyb (D:2)
  2 hounds (D:4)
  A worker ant (D:4)
  A hound skeleton (D:4)
  7 adders
  3 orcs (D:3)
  3 ball pythons
  6 bats
  3 giant cockroaches
  9 goblins
  11 hobgoblins
  A quokka (D:2)
  3 giant geckos
  4 giant newts
  2 kobolds
  5 rats
64 creatures vanquished.

Vanquished Creatures (others)
  A goblin (D:3)
1 creature vanquished.

Grand Total: 65 creatures vanquished

Notes
Turn   | Place    | Note
--------------------------------------------------------------
     0 | D:1      | urechis the Merfolk Ice Elementalist began the quest for the Orb.
     0 | D:1      | Reached XP level 1. HP: 13/13 MP: 3/3
   547 | D:1      | Reached XP level 2. HP: 17/19 MP: 5/5
  1086 | D:2      | Reached skill level 4 in Ice Magic
  1146 | D:2      | Reached XP level 3. HP: 16/24 MP: 2/6
  1385 | D:2      | Found a burning altar of Makhleb.
  1385 | D:2      | Found a sacrificial altar of Ru.
  1483 | D:2      | Noticed Ijyb
  1495 | D:2      | Killed Ijyb
  1495 | D:2      | Reached XP level 4. HP: 16/30 MP: 0/8
  1803 | D:3      | Found a basalt altar of Yredelemnul.
  1816 | D:3      | Became a worshipper of Yredelemnul the Dark
  1876 | D:3      | Reached XP level 5. HP: 31/35 MP: 7/10
  1893 | D:3      | Reached skill level 5 in Ice Magic
  1966 | D:3      | Found a snail-covered altar of Cheibriados.
  1966 | D:3      | Found a shadowy altar of Dithmenos.
  1966 | D:3      | Noticed karlkraus's ghost (average MiFi)
  1970 | D:3      | Found an opulent altar of Gozag.
  1970 | D:3      | Found an iron altar of Okawaru.
  2100 | D:2      | Learned a level 3 spell: Ozocubu's Armour
  2105 | D:2      | Learned a level 4 spell: Condensation Shield
  2247 | D:3      | Found a stormy altar of Qazlal.
  2724 | D:4      | Got a shimmering leather armour
  2736 | D:4      | Identified the +1 leather armour "Laeteaf" {-Cast rN++ Str+5} (You found it on level 4 of the Dungeon)
  2761 | D:4      | Noticed a troll
  2960 | D:4      | Noticed a phantom
  3318 | D:4      | Noticed an ogre
  3325 | D:4      | Killed an ogre
  3325 | D:4      | Reached XP level 6. HP: 22/41 MP: 7/12
  3328 | D:4      | Reached skill level 6 in Ice Magic
  3689 | D:4      | Found Ziech's Weapon Emporium.
  3868 | D:4      | Slain by a troll

Vault maps used:
D:1:      sevenhm_arrival_forest_fort_small_4
D:2:      gammafunk_temple_overflow_elements, uniq_iyjb
D:3:      grunt_temple_overflow_cloverleaf, yredelemnul_altar_generic,
          hex_large, nicolae_qazlal_eye_of_the_storm
D:4:      serial_shops, shop, minmay_goblin_kobold_house

Action                   |  1- 3 |  4- 6 || total
-------------------------+-------+-------++-------
Melee: Spear             |    53 |    49 ||   102
       Unarmed           |     1 |       ||     1
 Cast: Freeze            |    27 |    60 ||    87
       Ozocubu's Armour  |       |     1 ||     1
 Stab: Sleeping          |     4 |     3 ||     7
  Eat: Chunk             |     1 |     7 ||     8
       Fruit             |       |     1 ||     1
